 Dungeon Crawl Stone Soup version 0.28.0-55-gcd9437bce4 (webtiles) character file.

Game seed: 9937181273599514624

16 nerdsy the Vexing (level 2, -3/23 HPs)
             Began as a Gnoll Arcane Marksman on Dec 30, 2022.
             Slain by a gnoll
             ... wielding a +0 club
              (6 damage)
             ... on level 1 of the Dungeon.
             The game lasted 00:02:25 (325 turns).

nerdsy the Vexing (Gnoll Arcane Marksman)            Turns: 325, Time: 00:02:26

Health: -3/23      AC:  2    Str:  9    XL:     2   Next: 58%
Magic:  5/5        EV: 13    Int: 12    God:
Gold:   10         SH:  0    Dex: 12    Spells: 5/6 levels left

rFire   . . .      SeeInvis .   a - +0 hand crossbow
rCold   . . .      Faith    .   (no shield)
rNeg    . . .      Spirit   .   i - +0 robe
rPois   .          Reflect  .   (no helmet)
rElec   .          Harm     .   (no cloak)
rCorr   .          Rampage  .   (no gloves)
Will    .....                   (no boots)
Stlth   +.........              (no amulet)
HPRegen 0.07/turn               (no ring)
MPRegen 0.09/turn               (no ring)

@: no status effects
A: fangs 1, strong nose, distributed training
a: no special abilities


You were on level 1 of the Dungeon.
You visited 1 branch of the dungeon, and saw 1 of its levels.

You collected 10 gold pieces.

Inventory:

Hand Weapons
 a - a +0 hand crossbow (weapon)
Missiles
 c - 27 bolts (quivered ammo)
 f - 22 arrows
 h - 5 large rocks
Armour
 i - a +0 robe (worn)
Scrolls
 b - a scroll of blinking {unknown}
 g - a scroll of magic mapping {unknown}
 j - a scroll of noise {unknown}
 k - a scroll of acquirement {unknown}
Potions
 e - a potion of degeneration {unknown}


   Skills:
 + Level 2.5 Fighting
 + Level 0.4 Short Blades
 + Level 0.4 Long Blades
 + Level 0.4 Axes
 + Level 0.4 Maces & Flails
 + Level 0.4 Polearms
 + Level 0.4 Staves
 + Level 0.4 Slings
 + Level 0.4 Bows
 + Level 4.5 Crossbows
 + Level 0.4 Throwing
 + Level 0.4 Armour
 + Level 4.5 Dodging
 + Level 0.4 Stealth
 + Level 0.4 Shields
 + Level 0.4 Unarmed Combat
 + Level 2.7 Spellcasting
 + Level 0.2 Conjurations
 + Level 5.3 Hexes
 + Level 0.2 Summonings
 + Level 0.2 Necromancy
 + Level 0.2 Translocations
 + Level 0.2 Transmutations
 + Level 0.2 Fire Magic
 + Level 0.2 Ice Magic
 + Level 0.2 Air Magic
 + Level 0.2 Earth Magic
 + Level 0.2 Poison Magic
 + Level 0.5 Invocations
 + Level 0.4 Evocations


You had 5 spell levels left.
You knew the following spells:

 Your Spells              Type           Power      Damage    Failure   Level
a - Slow                  Hex            56%        N/A       2%          1

Your spell library contained the following spells:

 Spells                   Type           Power      Damage    Failure   Level
 Inner Flame              Hex/Fire       8%         N/A       24%         3
 Portal Projectile        Hex/Tloc       16%        N/A       24%         3
 Cause Fear               Hex            7%         N/A       28%         4


Dungeon Overview and Level Annotations

Branches:
Dungeon (1/15)

Altars:


Innate Abilities, Weirdness & Mutations

You have very sharp teeth.
Your uncanny sense of smell can sniff out nearby items.
Your experience applies equally to all skills.


Message History

Press: ? - help, Q - select action, (/) - cycle Shift-Dir - straight line, f - gnoll
Aim: a gnoll, wielding a +0 club (68% to hit)
You shoot a bolt. The bolt hits the gnoll.
The gnoll is heavily wounded.
The gnoll misses you. The gnoll hits you with a +0 club.
Fire: 33 bolts
Press: ? - help, Q - select action, (/) - cycle Shift-Dir - straight line, f/p - gnoll
Aim: a gnoll, wielding a +0 club (heavily wounded, 68% to hit)
You shoot a bolt. The bolt hits the gnoll.
The gnoll is heavily wounded.
The gnoll hits you with a +0 club.
Fire: 32 bolts
Press: ? - help, Q - select action, (/) - cycle Shift-Dir - straight line, f/p - gnoll
Aim: a gnoll, wielding a +0 club (heavily wounded, 68% to hit)
You shoot a bolt. The bolt barely misses the gnoll.
The gnoll hits you with a +0 club.
Fire: 31 bolts
Press: ? - help, Q - select action, (/) - cycle Shift-Dir - straight line, f/p - gnoll
Aim: a gnoll, wielding a +0 club (heavily wounded, 68% to hit)
You shoot a bolt.
The bolt hits the gnoll but does no damage.
The gnoll is heavily wounded.
The gnoll barely misses you. The gnoll hits you with a +0 club.
Fire: 30 bolts
Press: ? - help, Q - select action, (/) - cycle Shift-Dir - straight line, f/p - gnoll
Aim: a gnoll, wielding a +0 club (heavily wounded, 68% to hit)
You shoot a bolt. The bolt closely misses the gnoll.
The gnoll hits you with a +0 club.
Fire: 29 bolts
Press: ? - help, Q - select action, (/) - cycle Shift-Dir - straight line, f/p - gnoll
Aim: a gnoll, wielding a +0 club (heavily wounded, 68% to hit)
You shoot a bolt. The bolt barely misses the gnoll.
The gnoll hits you with a +0 club.
* * * LOW HITPOINT WARNING * * *
Fire: 28 bolts
Press: ? - help, Q - select action, (/) - cycle Shift-Dir - straight line, f/p - gnoll
Aim: a gnoll, wielding a +0 club (heavily wounded, 68% to hit)
You shoot a bolt. The bolt barely misses the gnoll.
The gnoll hits you with a +0 club.
You die...

#...# #.##.# #.#.# #>#
#.#.######.##.#######.#.#
...
#.................††..#.#
..
#.#..#####.##.#########.#
# ##.# #.##.# #.## #[##.#
#....##.##.####
####....##....#
####.....@.# #.#..g).# ∆
#...(((.# #.##(####
####.# ... .(... .(....


You could see a gnoll.

Vanquished Creatures
  2 bats (D:1)
  An endoplasm (D:1)
  5 jackals (D:1)
  A kobold (D:1)
  A quokka (D:1)
  A ball python (D:1)
  A frilled lizard (D:1)
  2 rats (D:1)
14 creatures vanquished.

Notes
Turn   | Place    | Note
-------+----------+-------------------------------------------
     0 | D:1      | nerdsy the Gnoll Arcane Marksman began the quest for the
                  | Orb.
     0 | D:1      | Reached XP level 1. HP: 17/17 MP: 4/4
   148 | D:1      | Reached XP level 2. HP: 13/23 MP: 5/5
   325 | D:1      | Slain by a gnoll

Illustrated notes

Levels and vault maps discovered:
D:1:      dpeg_arrival_castle, layout_rooms, hellmonk_ecumenical_altar_run_dry,
          chequers_serial_rivers_large_b, kennysheep_doodads

Action                   || total
-------------------------++-------
 Fire: Hand crossbow     ||    35
Armor: Robe              ||     3
Dodge: Dodged            ||    17
